 Dungeon Crawl Stone Soup version 0.26-a0-257-g47e9e61525 (webtiles) character file.

Game seed: 13587274699946728331

6809 Ravlon the Geomancer (level 11, -1/64 HPs)
             Began as a Gargoyle Earth Elementalist on July 10, 2020.
             Was a Priest of Vehumet.
             Slain by a troll (8 damage)
             ... on level 8 of the Dungeon.
             The game lasted 00:24:04 (8884 turns).

Ravlon the Geomancer (Gargoyle Earth Elementalist)  Turns: 8884, Time: 00:24:06

Health: -1/64      AC: 15    Str: 12    XL:     11   Next: 5%
Magic:  18/20      EV: 13    Int: 31    God:    Vehumet [***...]
Gold:   30         SH:  0    Dex: 10    Spells: 8/23 levels left

rFire    . . .     SeeInvis .   e - +5 dagger
rCold    . . .     Faith    .   (no shield)
rNeg     + . .     Spirit   .   J - +2 robe {MR+}
rPois    ∞         Reflect  .   (no helmet)
rElec    +         Harm     .   c - +2 cloak
rCorr    .                      (no gloves)
MR       ++...                  (no boots)
Stlth    ++........             x - amulet of magic regeneration
HPRegen  0.20/turn              f - +6 ring of intelligence
MPRegen  0.42/turn              A - ring of the Crown {MR+ Int+6}

@: no status effects
A: negative energy resistance 1, electricity resistance, unbreathing,
petrification resistance, rot immunity, AC +8
a: Renounce Religion


You were on level 8 of the Dungeon.
You worshipped Vehumet.
Vehumet was most pleased with you.
You were not hungry.

You visited 2 branches of the dungeon, and saw 10 of its levels.
You also visited: Ossuary.

You collected 408 gold pieces.
You spent 378 gold pieces at shops.

Inventory:

Hand Weapons
 e - a +5 dagger (weapon)
 i - a +0 morningstar
 l - a +1 whip of holy wrath
 o - a +1 whip of electrocution
 C - the +5 eveningstar of Mastery {freeze, rPois rC- Int+4}
   (You acquired it on level 7 of the Dungeon)

   It has been specially enchanted to freeze those struck by it, causing extra
   injury to most foes and up to half again as much damage against particularly
   susceptible opponents.
   It can also slow down cold-blooded creatures.
   It affects your intelligence (+4).
   It makes you vulnerable to cold.
   It protects you from poison.
Missiles
 b - 101 stones (quivered)
Armour
 c - a +2 cloak (worn)
 J - a +2 robe of magic resistance (worn)
Jewellery
 f - a +6 ring of intelligence (left hand)
 j - an uncursed ring of fire
 k - an uncursed ring of protection from magic
 r - an uncursed ring of see invisible
 x - an amulet of magic regeneration (around neck)
 y - an uncursed ring of resist corrosion
 A - the ring of the Crown (right hand) {MR+ Int+6}
   (You found it on level 7 of the Dungeon)

   [ring of intelligence]

   It affects your intelligence (+6).
   It affects your resistance to hostile enchantments.
Wands
 B - a wand of paralysis (13)
 G - a wand of iceblast (5)
 I - a wand of polymorph (11)
 K - a wand of flame (14)
Scrolls
 m - a scroll of magic mapping
 q - 5 scrolls of remove curse
 s - 6 scrolls of teleportation
 t - a scroll of immolation
Potions
 a - 10 potions of curing
 g - 2 potions of might
 h - a potion of degeneration {unknown}
 n - 2 potions of lignification
 p - 2 potions of haste
 u - a potion of mutation {unknown}
 v - a potion of resistance
 w - 4 potions of heal wounds
 D - 2 potions of stabbing {unknown}
 E - a potion of brilliance {unknown}
 F - 2 potions of flight {unknown}
 H - a potion of ambrosia
Miscellaneous
 z - a lightning rod (4/4)
Comestibles
 d - 29 rations


   Skills:
 + Level 5.6 Fighting
 + Level 5.0 Maces & Flails
 + Level 5.6 Armour
 + Level 4.6 Dodging
 - Level 2.1 Stealth
 + Level 6.6 Spellcasting
 + Level 7.2 Conjurations
   Level 0.7 Transmutations
 * Level 3.3 Fire Magic
 + Level 9.2 Earth Magic
 + Level 2.0 Evocations


You had 8 spell levels left.
You knew the following spells:

 Your Spells              Type           Power        Failure   Level
a - Sandblast             Erth           ######       1%          1
b - Stone Arrow           Conj/Erth      ######       1%          3
c - Lee's Rapid Deconstr  Erth           ######....   1%          5
d - Starburst             Conj/Fire      #####.....   21%         6

Your spell library contained the following spells:

 Spells                   Type           Power        Failure   Level
 Frozen Ramparts          Ice            ##....       4%          3
 Passwall                 Tmut/Erth      #####...     1%          2
 Searing Ray              Conj           ######       1%          2
 Mephitic Cloud           Conj/Pois/Air  ####....     1%          3
 Infusion                 Chrm           ##..         4%          1
 Petrify                  Tmut/Erth      #####...     6%          4
 Shroud of Golubria       Chrm/Tloc      ##....       7%          2
 Song of Slaying          Chrm           ##......     7%          2
 Leda's Liquefaction      Hex/Erth       #####.....   7%          4
 Ozocubu's Armour         Chrm/Ice       ##......     14%         3
 Spectral Weapon          Hex/Chrm       ##......     14%         3
 Blade Hands              Tmut           ##........   67%         5
 Excruciating Wounds      Chrm/Necr      ##........   78%         5
 Statue Form              Tmut/Erth      Unusable     N/A         6

Dungeon Overview and Level Annotations

Branches:
Dungeon (9/15)             Temple (1/1) D:5         Ossuary (visited)
   Lair: D:8-11         Orc: D:9-12

Altars:
Ashenzari
Cheibriados
Dithmenos
Elyvilon
Hepliaklqana
Kikubaaqudgha
Makhleb
Nemelex Xobeh
Okawaru
Ru
Sif Muna
Uskayaw
Vehumet
Wu Jian
Xom
Yredelemnul
Zin

Shops:
D:6 *   D:7 !


Innate Abilities, Weirdness & Mutations

You are resistant to torment.
Your stone body is resilient. (AC +8)
You are immune to poison.
You resist negative energy. (rN+)
You are resistant to electric shocks. (rElec)
You can survive without breathing.
You are immune to petrification.
You are immune to rotting.


Message History

The blast of sand hits the troll!
The troll is heavily wounded.
b - 102 stones The troll bites you but does no damage.
The troll closely misses you. The troll claws you but does no damage.
Unknown command.
You feel much better. The troll bites you. The troll claws you!
The troll claws you.
Casting: Sandblast (safe; 1% risk of failure)
Confirm with . or Enter, or press ? or * to list all spells.
Aiming: Sandblast (safe; 1% risk of failure)
Press: ? - help, Shift-Dir - straight line, f/p - troll
Aim: a troll (heavily wounded)
The blast of sand hits the troll!
The troll is almost dead.
b - 101 stones The troll bites you!
* * * LOW HITPOINT WARNING * * *
The troll claws you!
You die...

######...# #.............##
#....#...# ###.............
#.##.###.# #..##.##..#.##
#.##.# #.#####..##.##..#.#
#.##.# #...............#.##
#.##.# #.<.....>...........
#.##.# #.#####...#.##..#.##
#.##.###.#####...#.##..#.#
#.........@T)....#.##..#.#
#.##.###.#####...#.##..#.#
#.##.###.#####...#.##..#.#
#.##.............#.##..#.#
########.................##
#........#.##.#.##..#.##
#........#.##.#.##..#.#.
#........#.##.#.##..#)#.
#........#.##.#.##..#.#.


You could see a troll.

Vanquished Creatures
  Pikel (D:8)
  Maggie (D:7)
  A troll (D:7)
  2 hornets
  Grinder (D:3)
  2 hippogriffs (D:7)
  A wyvern (D:9)
  A yak (D:7)
  Menkaure (D:7)
  A water moccasin (D:7)
  2 sky beasts
  3 orc warriors (D:7)
  2 ice beasts
  4 phantoms
  8 ogres
  3 centaurs
  3 elf zombies (Ossuary)
  4 lemures (D:8)
  A big kobold (D:5)
  3 bullfrogs
  A wyvern zombie (D:7)
  2 scorpions
  4 wights (D:8)
  2 bullfrog zombies
  2 quasits
  3 centaur zombies (Ossuary)
  8 hounds
  6 human zombies (Ossuary)
  Crazy Yiuf (D:3)
  4 bullfrog skeletons
  2 jellies (D:7)
  An orc priest (D:7)
  3 orc wizards
  3 centaur skeletons
  3 iguanas
  4 worker ants
  Natasha (thrice) (D:3)
  A hound zombie (D:7)
  3 mummies (Ossuary)
  2 worker ant zombies
  8 gnolls
  9 adders
  A shadow imp (D:9)
  2 white imps
  2 ufetubi
  An adder skeleton (D:7)
  A worm (D:2)
  A dart slug (D:2)
  6 leopard geckos
  22 orcs
  2 ball pythons (D:3)
  8 bats
  2 giant cockroaches
  7 goblins
  3 hobgoblins
  4 jackals (D:4)
  3 quokkas
  4 frilled lizards
  4 kobolds
  7 rats
200 creatures vanquished.

Vanquished Creatures (collateral kills)
  A scorpion (D:7)
1 creature vanquished.

Grand Total: 201 creatures vanquished

Notes
Turn   | Place    | Note
-------+----------+-------------------------------------------
     0 | D:1      | Ravlon the Gargoyle Earth Elementalist began the quest for
                  | the Orb.
     0 | D:1      | Reached XP level 1. HP: 10/10 MP: 3/3
   443 | D:1      | Reached XP level 2. HP: 11/15 MP: 5/5
   532 | D:1      | Reached skill level 4 in Earth Magic
   977 | D:1      | Reached XP level 3. HP: 17/19 MP: 6/6
   982 | D:1      | Learned a level 3 spell: Stone Arrow
  1349 | D:2      | Reached skill level 1 in Conjurations
  1412 | D:2      | Reached XP level 4. HP: 21/24 MP: 8/8
  1852 | D:3      | Found a sparkling altar of Nemelex Xobeh.
  1963 | D:3      | Noticed Natasha
  1970 | D:3      | Killed Natasha
  1970 | D:3      | Reached skill level 5 in Earth Magic
  2200 | D:3      | Noticed Natasha
  2214 | D:3      | Killed Natasha
  2214 | D:3      | Reached XP level 5. HP: 15/28 MP: 6/10
  2221 | D:3      | Learned a level 5 spell: Lee's Rapid Deconstruction
  2422 | D:3      | Noticed Natasha
  2427 | D:3      | Killed Natasha
  2561 | D:3      | Found a runed translucent door.
  2562 | D:3      | Noticed Crazy Yiuf
  2567 | D:3      | Killed Crazy Yiuf
  2567 | D:3      | Reached XP level 6. HP: 24/32 MP: 8/11
  2660 | D:3      | Noticed Grinder
  2667 | D:3      | Killed Grinder
  2667 | D:3      | Reached skill level 6 in Earth Magic
  2715 | D:3      | Reached XP level 7. HP: 36/36 MP: 11/13
  3310 | D:4      | Found an iron altar of Okawaru.
  3481 | D:4      | Reached skill level 1 in Fighting
  3481 | D:4      | Reached skill level 1 in Maces & Flails
  3481 | D:4      | Reached skill level 1 in Armour
  3622 | D:4      | Found a white marble altar of Elyvilon.
  3878 | D:4      | Reached XP level 8. HP: 28/43 MP: 9/15
  4125 | D:5      | Entered Level 5 of the Dungeon
  4144 | D:5      | Reached skill level 7 in Earth Magic
  4232 | D:5      | Found a staircase to the Ecumenical Temple.
  4248 | Temple   | Entered the Ecumenical Temple
  4292 | Temple   | Became a worshipper of Vehumet
  4592 | D:5      | Reached skill level 5 in Spellcasting
  4592 | D:5      | Reached skill level 5 in Conjurations
  5200 | D:6      | Found a sand-covered staircase.
  5208 | Ossuary  | Entered an ossuary
  5345 | Ossuary  | Reached XP level 9. HP: 34/50 MP: 16/16
  5857 | D:6      | Reached * piety under Vehumet
  5857 | D:6      | Offered knowledge of Magic Dart by Vehumet.
  5876 | D:6      | Noticed a hornet
  5882 | D:6      | Killed a hornet
  6086 | D:6      | Found Ges Beri's General Store.
  6423 | D:6      | Found a shimmering blue altar of Sif Muna.
  6451 | D:7      | Reached skill level 8 in Earth Magic
  6800 | D:7      | Reached XP level 10. HP: 56/58 MP: 12/19
  6802 | D:7      | Reached ** piety under Vehumet
  6802 | D:7      | Offered knowledge of Freeze by Vehumet.
  6859 | D:7      | Identified Zeusum's Disquisition on Boosts and Combat Magic
  6862 | D:7      | Identified Ymmanesh's Handbook of Moulding and Stones
  6865 | D:7      | Got a scorched platinum ring
  6867 | D:7      | Identified the ring of the Crown {MR+ Int+6} (You found it
                  | on level 7 of the Dungeon)
  6880 | D:7      | Learned a level 6 spell: Starburst
  6964 | D:7      | Found an ancient bone altar of Kikubaaqudgha.
  6972 | D:7      | Identified a scroll of acquirement
  6972 | D:7      | Acquired the +5 eveningstar of Mastery {freeze, rPois rC-
                  | Int+4}
  7081 | D:7      | Reached skill level 5 in Fighting
  7081 | D:7      | Reached skill level 5 in Armour
  7223 | D:7      | Reached skill level 1 in Fire Magic
  7493 | D:7      | Reached skill level 1 in Evocations
  7523 | D:7      | Noticed Menkaure
  7526 | D:7      | Killed Menkaure
  7529 | D:7      | Found an iron altar of Okawaru.
  7638 | D:7      | Noticed Maggie
  7642 | D:7      | Killed Maggie
  7799 | D:7      | Offered knowledge of Frozen Ramparts by Vehumet.
  7856 | D:7      | Found Zarargho's Distillery.
  7864 | D:7      | Bought a potion of heal wounds for 70 gold pieces
  7864 | D:7      | Bought 2 potions of curing for 84 gold pieces
  7864 | D:7      | Bought a potion of heal wounds for 70 gold pieces
  7864 | D:7      | Bought a potion of ambrosia for 112 gold pieces
  7864 | D:7      | Bought a potion of curing for 42 gold pieces
  7931 | D:7      | Found a shimmering altar of Xom.
  7941 | D:7      | Found a hazy altar of Hepliaklqana.
  7942 | D:7      | Noticed a spectral ugly thing
  8032 | D:8      | Noticed Pikel
  8043 | D:8      | Killed Pikel
  8043 | D:8      | Reached skill level 9 in Earth Magic
  8359 | D:8      | Reached *** piety under Vehumet
  8712 | D:9      | Reached skill level 5 in Maces & Flails
  8712 | D:9      | Reached XP level 11. HP: 48/64 MP: 11/20
  8884 | D:8      | Slain by a troll

Illustrated notes

Levels and vault maps discovered:
D:1:      tarquinn_simple_flora_water_d, layout_basic,
          minmay_misc_feat_secret_circle, hangedman_decor_lopped
D:2:      layout_rooms, minmay_misc_feat_square
D:3:      layout_basic, nemelex_xobeh_ov_fountains_minmay,
          hangedman_decor_opposing, uniq_crazy_yiuf_cottage, uniq_natasha,
          uniq_grinder
D:4:      layout_basic, kennysheep_mini, first_ration, lemuel_altar_in_water
D:5:      layout_basic, minmay_temple_entry_wispy, serial_curves,
          eino_curves_04, eino_curves_01, eino_curves_04, eino_curves_04
D:6:      layout_basic, lemuel_blue_sif_altar, enter_ossuary_2, serial_shops,
          shop
D:7:      minmay_the_grid_octo_tiled_octocenter
          [minmay_the_grid_octo_fan_narrow, minmay_the_grid_octo_focus,
          minmay_the_grid_octo_vomiting_pacman,
          minmay_the_grid_octo_checkerflower,
          minmay_the_grid_octo_prize_ultimate_mussel_roller,
          minmay_the_grid_square_5x5_tie, minmay_the_grid_square_5x5_shrine1,
          minmay_the_grid_square_5x5_c, minmay_the_grid_square_5x5_three],
          layout_rooms, regret_index_temple_of_mockery,
          lemuel_coloured_pillars_altar, serial_shops, nicolae_shop_stone,
          uniq_maggie, uniq_menkaure
D:8:      layout_basic, uniq_pikel
D:9:      layout_cave_pools, kiku_gazebo_pond_becter, david_lair_shrubbed
Temple:   regret_index_temple_waves

Skill      XL: |  1  2  3  4  5  6  7  8  9 10 11 |
---------------+----------------------------------+-----
Earth Magic    | 4 5 6 7 8 9 |  9.2
Conjurations   | 1 2 4 5 6 7 |  7.2
Spellcasting   | 3 4 5 6 |  6.6
Fighting       | 1 3 4 5 |  5.6
Maces & Flails | 1 2 4 5 |  5.0
Armour         | 1 3 4 5 |  5.6
Dodging        | 2 3 4 |  4.6
Fire Magic     | 3 |  3.3
Evocations     | 1 2 |  2.0
Stealth        | |  2.1
Transmutations | |  0.7

Action                   |  1- 3 |  4- 6 |  7- 9 | 10-12 || total
-------------------------+-------+-------+-------+-------++-------
Melee: Club              |    19 |       |       |       ||    19
       Dagger            |    32 |    34 |   172 |   191 ||   429
       Whip              |       |       |   123 |       ||   123
 Cast: Sandblast         |    14 |    38 |    77 |    33 ||   162
       Stone Arrow       |       |       |    13 |     2 ||    15
       Lee's Rapid Decon |       |       |     6 |    23 ||    29
  Use: Scroll            |       |     4 |    13 |     4 ||    21
       Potion            |       |       |       |     1 ||     1
 Stab: Sleeping          |     2 |     3 |     3 |     4 ||    12
       Distracted        |       |       |       |     1 ||     1
  Eat: Ration            |     1 |     1 |     3 |     2 ||     7
Armor: Robe              |    20 |    11 |   139 |   100 ||   270
Dodge: Dodged            |    41 |    26 |   183 |   156 ||   406

Table legend:
 A = Non-vault XP
 B = Vault XP
 C = Vault XP percentage of total XP
 D = Non-vault monster count
 E = Vault monster count
 F = Vault count percentage of total count
                 A         B        C        D         E       F
            +---------+---------+-------+---------+---------+-------
      Total |    5110 |    4618 |  47.5 |     149 |      48 |  24.4
            +---------+---------+-------+---------+---------+-------
        D:1 |      34 |       0 |   0.0 |      22 |       0 |   0.0
        D:2 |      65 |       0 |   0.0 |       9 |       0 |   0.0
        D:3 |     318 |     336 |  51.4 |      26 |       3 |  10.3
        D:4 |     488 |       0 |   0.0 |      15 |       0 |   0.0
        D:5 |     746 |       0 |   0.0 |      14 |       0 |   0.0
        D:6 |     836 |       0 |   0.0 |      15 |       0 |   0.0
        D:7 |    1271 |    2865 |  69.3 |      26 |      29 |  52.7
        D:8 |     576 |     673 |  53.9 |      13 |       1 |   7.1
        D:9 |     776 |       0 |   0.0 |       9 |       0 |   0.0
    Ossuary |       0 |     744 | 100.0 |       0 |      15 | 100.0
            +---------+---------+-------+---------+---------+-------
